 Dungeon Crawl Stone Soup version 0.20.0-15-g7f486f2 (webtiles) character file.

20 dvd the Sneak (level 2, 0/13 HPs)
             Began as a Spriggan Enchanter on June 21, 2017.
             Slain by a hobgoblin
             ... wielding a +0 club
              (2 damage)
             ... on level 1 of the Dungeon.
             The game lasted 00:03:06 (1456 turns).

dvd the Sneak (Spriggan Enchanter)                  Turns: 1456, Time: 00:03:06

Health: 0/13       AC:  2    Str:  4    XL:     2   Next: 58%
Magic:  2/6        EV: 18    Int: 16    God:
Gold:   69         SH:  0    Dex: 16    Spells: 3/6 levels left

rFire    . . .     SeeInvis +   a - +1 dagger
rCold    . . .     Gourm    .   (shield restricted)
rNeg     . . .     Faith    .   b - +0 robe
rPois    .         Spirit   .   (helmet restricted)
rElec    .         Reflect  .   (no cloak)
rCorr    .         Harm     .   (gloves unavailable)
MR       +....                  (boots unavailable)
Stlth    +++.......             (no amulet)
Regen    0.1/turn               i - ring of protection from magic
MPRegen  0.1/turn               (no ring)

@: very quick
A: unfitting armour, see invisible, herbivore 3, speed 3, slow metabolism 2
a: no special abilities


You were on level 1 of the Dungeon.
You were not hungry.

You visited 1 branch of the dungeon, and saw 1 of its levels.

You collected 69 gold pieces.

Inventory:

Hand Weapons
 a - a +1 dagger (weapon)
Armour
 b - a +0 robe (worn)
Jewellery
 i - a ring of protection from magic (left hand)
Scrolls
 h - a scroll of identify {unknown}
Potions
 e - 2 potions of lignification {unknown}
 f - a potion of berserk rage {unknown}
 g - a potion of might {unknown}
Books
 c - a book of Maledictions

   Spells                             Type                      Level
   a - Corona                         Hexes                        1
   b - Ensorcelled Hibernation        Hexes/Ice                    2
   c - Confuse                        Hexes                        3
   d - Tukima's Dance                 Hexes                        3
   e - Dazzling Spray                 Conjuration/Hexes            3
Comestibles
 d - a bread ration


   Skills:
 + Level 1.3 Short Blades
 + Level 3.1 Dodging
 + Level 5.1 Stealth
 + Level 2.9 Spellcasting
 + Level 4.0 Hexes


You had 3 spell levels left.
You knew the following spells:

 Your Spells              Type           Power        Failure   Level  Hunger
a - Corona                Hex            ###....      3%          1    #......
b - Ensorcelled Hibernat  Hex/Ice        #.....       12%         2    ##.....


Dungeon Overview and Level Annotations

Branches:
Dungeon (1/15)

Altars:


Innate Abilities, Weirdness & Mutations

You are very small and have problems with some larger weapons.
You are too small for most types of armour.
You have supernaturally acute eyesight. (SInv)
You are a herbivore.
You cover ground extremely quickly.
You need consume almost no food.


Message History

The hobgoblin is outlined in light.
The hobgoblin hits you with a club.
You barely miss the hobgoblin.
The hobgoblin is moderately wounded.
You hit the hobgoblin.
The hobgoblin is severely wounded.
The hobgoblin hits you but does no damage.
You hit the hobgoblin but do no damage.
The hobgoblin is heavily wounded.
The hobgoblin hits you with a club. x2
* * * LOW HITPOINT WARNING * * *
You barely miss the hobgoblin.
The hobgoblin is heavily wounded.
The hobgoblin completely misses you. The hobgoblin misses you.
Unknown command.
Okay, then.
Unknown command.
You hit the hobgoblin.
You kill the hobgoblin!
The hobgoblin hits you with a club.
You die...

##.###)#
#.#.#.≈...≈.#.##
### #.#
#..#.#≈.<.≈#.#.#
#.#
###.#.≈≈≈≈≈.#.##
#.#
#.#.#.#.#.#.#.###
#.#
##.#.#.#.#.#.###.
#.# ######g.#####
#. #.# #.## #h ###
##.##########.# #.
..###....)@g......#
#.
#.##.....#######.##
#. # #.#.....## #.#
#. #.#.#(###.# #.#
#. #..(..# #g# #.#
#. ###.#.###.# #.#
## #.#.....#
#.##### #.###...##
#...l.# ..##....g##
#.###.# #


You could see a hobgoblin.

Vanquished Creatures
  2 leopard geckos (D:1)
  2 ball pythons (D:1)
  A bat (D:1)
  A giant cockroach (D:1)
  3 hobgoblins (D:1)
  2 jackals (D:1)
  2 frilled lizards (D:1)
  3 kobolds (D:1)
  A rat (D:1)
17 creatures vanquished.

Notes
Turn   | Place    | Note
-------+----------+-------------------------------------------
     0 | D:1      | dvd the Spriggan Enchanter began the quest for the Orb.
     0 | D:1      | Reached XP level 1. HP: 9/9 MP: 5/5
   956 | D:1      | Reached XP level 2. HP: 11/13 MP: 4/6
  1062 | D:1      | Learned a level 2 spell: Ensorcelled Hibernation
  1375 | D:1      | Reached skill level 5 in Stealth
  1456 | D:1      | Slain by a hobgoblin

Skill      XL: |  1  2 |
---------------+-------+-----
Stealth        | 5 |  5.1
Hexes          | 4 |  4.0
Short Blades   | |  1.3
Dodging        | |  3.1
Spellcasting   | |  2.9

Action                   || total
-------------------------++-------
Melee: Dagger            ||    64
 Cast: Corona            ||     9
       Ensorcelled Hiber ||    12
 Stab: Sleeping          ||    12
Armor: Robe              ||     1
Dodge: Dodged            ||    65
